SAAA
TORTOLITA DRUMMERS @ PENNSAUKEN FLYERS
07/30/2028
 
TOP OF THE 1ST
Tortolita Drummers batting - Pitching for Pennsauken Flyers : RHP Augusto Ramos
Pitching: RHP Augusto Ramos
Batting: SHB Javier Vázquez 0-0: Ball
1-0: Ball
2-0: Ball
3-0: Base on Balls
Batting: RHB Jim Burch 0-0: Ball
Javier Vázquez steals 2nd base
1-0: Called Strike
1-1: SINGLE (Flyball, 7LS)
Javier Vázquez to third
Batting: RHB Sean Godron 0-0: Ball
1-0: Called Strike
1-1: Foul Ball, location: 2F
1-2: Foul Ball, location: 2F
1-2: Fly out, F9 (Flyball, 89M)
Runner from 3rd tags up, SCORES, no throw
Batting: SHB Marcos Roa 0-0: Fly out, F8 (Flyball, 8LD)
Batting: SHB Roberto Mosca 0-0: Ball
1-0: Ball
2-0: Ball
3-0: Called Strike
3-1: Base on Balls
Jim Burch to second
Batting: LHB Steve Costillo 0-0: SINGLE (Flyball, 7S)
Jim Burch to third
Roberto Mosca to second
Batting: RHB Ed Hopkins 0-0: Called Strike
0-1: Fielders Choice at 2nd, 6-4 (Groundball, 6)
Top of the 1st over - 1 run(s), 2 hit(s), 0 error(s), 2 left on base; Tortolita 1 - Pennsauken 0
BOTTOM OF THE 1ST
Pennsauken Flyers batting - Pitching for Tortolita Drummers : RHP Eduardo Bravo
Pitching: RHP Eduardo Bravo
Batting: LHB Vinski Prifti 0-0: SINGLE (Line Drive, 34D)
Batting: LHB Pedro Corona Pickoff Throw to First - Out!
0-0: Called Strike
0-1: Called Strike
0-2: Ball
1-2: Foul Ball, location: 2F
1-2: Foul Ball, location: 2F
1-2: Ball
2-2: Ball
3-2: Strikes out swinging
Batting: RHB José Rodríguez 0-0: Ball
1-0: Fly out, F8 (Flyball, 8LM)
Bottom of the 1st over - 0 run(s), 1 hit(s), 0 error(s), 0 left on base; Tortolita 1 - Pennsauken 0
TOP OF THE 2ND
Tortolita Drummers batting - Pitching for Pennsauken Flyers : RHP Augusto Ramos
Batting: RHB Santo Alba 0-0: Ground out 6-3 (Groundball, 6)
Batting: RHB Jeb Sexton 0-0: Ball
1-0: Ball
2-0: Fly out, F6 (Line Drive, 6M)
Batting: SHB Javier Vázquez 0-0: Called Strike
0-1: Fly out, F8 (Flyball, 8LM)
Top of the 2nd over - 0 run(s), 0 hit(s), 0 error(s), 0 left on base; Tortolita 1 - Pennsauken 0
BOTTOM OF THE 2ND
Pennsauken Flyers batting - Pitching for Tortolita Drummers : RHP Eduardo Bravo
Batting: RHB Byron Isaacson 0-0: Fly out, F9 (Flyball, 9LSF)
Batting: RHB Artie Miller 0-0: Ball
1-0: Ball
2-0: Called Strike
2-1: Ground out 6-3 (Groundball, 6S)
Batting: RHB Roy McFerran 0-0: Called Strike
0-1: Foul Ball, location: 2F
0-2: Foul Ball, location: 2F
0-2: Ground out 5-3 (Groundball, 56)
Bottom of the 2nd over - 0 run(s), 0 hit(s), 0 error(s), 0 left on base; Tortolita 1 - Pennsauken 0
TOP OF THE 3RD
Tortolita Drummers batting - Pitching for Pennsauken Flyers : RHP Augusto Ramos
Batting: RHB Jim Burch 0-0: Called Strike
0-1: Ground out 5-3 (Groundball, 5)
Batting: RHB Sean Godron 0-0: Ball
1-0: Called Strike
1-1: Ball
2-1: Swinging Strike
2-2: Ground out 5-3 (Groundball, 56)
Batting: SHB Marcos Roa 0-0: Ball
1-0: Ground out 6-3 (Groundball, 6M)
Top of the 3rd over - 0 run(s), 0 hit(s), 0 error(s), 0 left on base; Tortolita 1 - Pennsauken 0
BOTTOM OF THE 3RD
Pennsauken Flyers batting - Pitching for Tortolita Drummers : RHP Eduardo Bravo
Batting: LHB Javier Antonio 0-0: Ball
1-0: Ball
2-0: Called Strike
2-1: Ball
3-1: Swinging Strike
3-2: Base on Balls
Batting: RHB Dave Stockman 0-0: Grounds into double play, 6-4-3 (Groundball, 6)
Batting: RHB Marc Beck 0-0: Ball
1-0: Ground out 5-3 (Groundball, 56)
Bottom of the 3rd over - 0 run(s), 0 hit(s), 0 error(s), 0 left on base; Tortolita 1 - Pennsauken 0
TOP OF THE 4TH
Tortolita Drummers batting - Pitching for Pennsauken Flyers : RHP Augusto Ramos
Batting: SHB Roberto Mosca 0-0: Called Strike
0-1: Fly out, F9 (Flyball, 9S)
Batting: LHB Steve Costillo 0-0: Ball
1-0: Foul Ball, location: 2F
1-1: Swinging Strike
1-2: Ball
2-2: Foul Ball, location: 2F
2-2: Ball
3-2: SINGLE (Line Drive, 4) (infield hit)
Batting: RHB Ed Hopkins 0-0: Called Strike
0-1: Ball
1-1: Called Strike
1-2: DOUBLE (Line Drive, 78D)
Steve Costillo to third
Runner from 3rd tries for Home, SAFE, no throw
Batting: RHB Santo Alba 0-0: Called Strike
0-1: DOUBLE (Line Drive, 89S)
Ed Hopkins scores
Batting: RHB Jeb Sexton 0-0: Called Strike
0-1: Foul Ball, location: 2F
0-2: Foul Ball, location: 2F
0-2: Strikes out looking
Batting: SHB Javier Vázquez 0-0: Foul Ball, location: 2F
0-1: Swinging Strike
0-2: DOUBLE (Flyball, 89M)
Santo Alba scores
Batting: RHB Jim Burch 0-0: Ground out 6-3 (Groundball, 6)
Top of the 4th over - 3 run(s), 4 hit(s), 0 error(s), 1 left on base; Tortolita 4 - Pennsauken 0
BOTTOM OF THE 4TH
Pennsauken Flyers batting - Pitching for Tortolita Drummers : RHP Eduardo Bravo
Batting: LHB Vinski Prifti 0-0: Ball
1-0: Fly out, F8 (Line Drive, 89M)
Batting: LHB Pedro Corona 0-0: Ball
1-0: Ball
2-0: Ball
3-0: Called Strike
3-1: Foul Ball, location: 2F
3-2: Foul Ball, location: 2F
3-2: Foul Ball, location: 2F
3-2: Base on Balls
Batting: RHB José Rodríguez 0-0: Called Strike
Pedro Corona is caught stealing 2nd base
0-1: SINGLE (Line Drive, 89S)
Batting: RHB Byron Isaacson 0-0: Foul Ball, location: 2F
0-1: Called Strike
0-2: Strikes out looking
Bottom of the 4th over - 0 run(s), 1 hit(s), 0 error(s), 1 left on base; Tortolita 4 - Pennsauken 0
TOP OF THE 5TH
Tortolita Drummers batting - Pitching for Pennsauken Flyers : RHP Augusto Ramos
Batting: RHB Sean Godron 0-0: Ball
1-0: Called Strike
1-1: Ball
2-1: SINGLE (Groundball, 34D)
Batting: SHB Marcos Roa 0-0: Foul Ball, location: 2F
0-1: Ball
1-1: Foul Ball, location: 2F
1-2: Ground out 4-3 (Groundball, 34)
Sean Godron to second
Batting: SHB Roberto Mosca 0-0: Called Strike
0-1: Called Strike
0-2: Fly out, F7 (Flyball, 7S)
Batting: LHB Steve Costillo 0-0: Called Strike
0-1: Ball
1-1: Ground out 4-3 (Groundball, 34)
Top of the 5th over - 0 run(s), 1 hit(s), 0 error(s), 1 left on base; Tortolita 4 - Pennsauken 0
BOTTOM OF THE 5TH
Pennsauken Flyers batting - Pitching for Tortolita Drummers : RHP Eduardo Bravo
Batting: RHB Artie Miller 0-0: Ball
1-0: Ball
2-0: Ball
3-0: Called Strike
3-1: Foul Ball, location: 2F
3-2: Ground out 6-3 (Groundball, 6)
Batting: RHB Roy McFerran 0-0: Foul Ball, location: 2F
0-1: Foul Ball, location: 2F
0-2: Ground out 6-3 (Groundball, 6)
Batting: LHB Javier Antonio 0-0: Ball
1-0: Ball
2-0: Swinging Strike
2-1: Fly out, F8 (Flyball, 8RS)
Bottom of the 5th over - 0 run(s), 0 hit(s), 0 error(s), 0 left on base; Tortolita 4 - Pennsauken 0
TOP OF THE 6TH
Tortolita Drummers batting - Pitching for Pennsauken Flyers : RHP Augusto Ramos
Batting: RHB Ed Hopkins 0-0: Called Strike
0-1: SINGLE (Line Drive, 4M)
Batting: RHB Santo Alba 0-0: Sac Bunt - play at first, batter OUT! 5-3
Ed Hopkins to second
Batting: RHB Jeb Sexton 0-0: Called Strike
0-1: Ground out 6-3 (Groundball, 56)
Batting: SHB Javier Vázquez 0-0: Foul Ball, location: 2F
0-1: Swinging Strike
0-2: Ball
1-2: Strikes out swinging
Top of the 6th over - 0 run(s), 1 hit(s), 0 error(s), 1 left on base; Tortolita 4 - Pennsauken 0
BOTTOM OF THE 6TH
Pennsauken Flyers batting - Pitching for Tortolita Drummers : RHP Eduardo Bravo
Batting: RHB Dave Stockman 0-0: Fly out, F7 (Line Drive, 78M)
Batting: RHB Marc Beck 0-0: Ball
1-0: Called Strike
1-1: Ball
2-1: Foul Ball, location: 2F
2-2: Foul Ball, location: 2F
2-2: Strikes out swinging
Batting: LHB Vinski Prifti 0-0: Ball
1-0: Foul Ball, location: 2F
1-1: Called Strike
1-2: Foul Ball, location: 2F
1-2: Ball
2-2: Strikes out looking
Bottom of the 6th over - 0 run(s), 0 hit(s), 0 error(s), 0 left on base; Tortolita 4 - Pennsauken 0
TOP OF THE 7TH
Tortolita Drummers batting - Pitching for Pennsauken Flyers : RHP Augusto Ramos
Batting: RHB Jim Burch 0-0: Called Strike
0-1: Ground out 6-3 (Groundball, 6)
Batting: RHB Sean Godron 0-0: Ball
1-0: Ball
2-0: Called Strike
2-1: Ball
3-1: Base on Balls
Pitching: RHP Jen-djieh Si
Batting: SHB Marcos Roa 0-0: Called Strike
Sean Godron steals 2nd base
0-1: Called Strike
0-2: Foul Ball, location: 2F
0-2: Ball
1-2: Foul Ball, location: 2F
1-2: Foul Ball, location: 2F
1-2: Ball
2-2: Fly out, F4 (Popup, 4)
Batting: SHB Roberto Mosca 0-0: Ball
1-0: Ball
2-0: Ball
3-0: Called Strike
3-1: Base on Balls
Batting: LHB Steve Costillo 0-0: Swinging Strike
0-1: Swinging Strike
0-2: Ball
1-2: Fielders Choice at 2nd, 4-6 (Groundball, 4)
Top of the 7th over - 0 run(s), 0 hit(s), 0 error(s), 1 left on base; Tortolita 4 - Pennsauken 0
BOTTOM OF THE 7TH
Pennsauken Flyers batting - Pitching for Tortolita Drummers : RHP Eduardo Bravo
Batting: LHB Pedro Corona 0-0: Ball
1-0: Ball
2-0: Swinging Strike
2-1: Foul Ball, location: 2F
2-2: Foul Ball, location: 2F
2-2: SINGLE (Groundball, 34D)
Batting: RHB José Rodríguez 0-0: Ball
1-0: Ball
2-0: Ball
3-0: Base on Balls
Pedro Corona to second
Batting: RHB Byron Isaacson 0-0: Fly out, F7 (Flyball, 7)
Batting: RHB Artie Miller 0-0: Called Strike
0-1: Swinging Strike
0-2: Ball
1-2: Strikes out looking
Pitching: RHP Don Miller
Batting: RHB Roy McFerran 0-0: Ball
1-0: Ball
2-0: Fly out, F5 (Popup, 5D)
Bottom of the 7th over - 0 run(s), 1 hit(s), 0 error(s), 2 left on base; Tortolita 4 - Pennsauken 0
TOP OF THE 8TH
Tortolita Drummers batting - Pitching for Pennsauken Flyers : RHP Jen-djieh Si
Batting: RHB Ed Hopkins 0-0: Swinging Strike
0-1: Swinging Strike
0-2: Ball
1-2: Strikes out looking
Batting: RHB Santo Alba 0-0: Ball
1-0: Called Strike
1-1: Ground out 1-3 (Groundball, 13S)
Batting: RHB Jeb Sexton 0-0: Fly out, F8 (Flyball, 8RM)
Top of the 8th over - 0 run(s), 0 hit(s), 0 error(s), 0 left on base; Tortolita 4 - Pennsauken 0
BOTTOM OF THE 8TH
Pennsauken Flyers batting - Pitching for Tortolita Drummers : RHP Don Miller
Batting: LHB Javier Antonio 0-0: Called Strike
0-1: Ball
1-1: Ground out 4-3 (Groundball, 4)
Batting: RHB Dave Stockman 0-0: Called Strike
0-1: Foul Ball, location: 2F
0-2: Ground out 6-3 (Groundball, 56D)
Batting: RHB Marc Beck 0-0: Swinging Strike
0-1: Foul Ball, location: 2F
0-2: Foul Ball, location: 2F
0-2: Foul Ball, location: 2F
0-2: Strikes out swinging
Bottom of the 8th over - 0 run(s), 0 hit(s), 0 error(s), 0 left on base; Tortolita 4 - Pennsauken 0
TOP OF THE 9TH
Tortolita Drummers batting - Pitching for Pennsauken Flyers : RHP Jen-djieh Si
Pitching: RHP Rex Hood
Batting: SHB Javier Vázquez 0-0: Fly out, F9 (Flyball, 89S)
Batting: RHB Jim Burch 0-0: Ball
1-0: Foul Ball, location: 2F
1-1: Foul Ball, location: 2F
1-2: Strikes out looking
Batting: RHB Sean Godron 0-0: Fly out, F9 (Flyball, 9LSF)
Top of the 9th over - 0 run(s), 0 hit(s), 0 error(s), 0 left on base; Tortolita 4 - Pennsauken 0
BOTTOM OF THE 9TH
Pennsauken Flyers batting - Pitching for Tortolita Drummers : RHP Don Miller
Pitching: RHP Francis Cahill
Batting: LHB Vinski Prifti 0-0: Ball
1-0: Called Strike
1-1: Foul Ball, location: 2F
1-2: Fly out, F8 (Flyball, 8RM)
Batting: LHB Pedro Corona 0-0: Ball
1-0: Swinging Strike
1-1: SINGLE (Flyball, 6MD)
Batting: RHB José Rodríguez 0-0: Called Strike
0-1: Foul Ball, location: 2F
0-2: Strikes out swinging
Batting: RHB Byron Isaacson 0-0: Called Strike
0-1: Ball
1-1: Ball
2-1: Ground out 1-3 (Groundball, 15)
Bottom of the 9th over - 0 run(s), 1 hit(s), 0 error(s), 1 left on base; Tortolita 4 - Pennsauken 0
Monday, August 21st, 2017 - OOTP Baseball 17.12 Build 75